 Dungeon Crawl Stone Soup version 0.30-a0-1085-g990a428a5c (webtiles) character file.

Game seed: 17286259764803515135

116 themarg the Gusty (level 4, 0/27 HPs)
             Began as a Demonspawn Air Elementalist on Apr 16, 2023.
             Killed by their own static electricity (2 damage)
             ... on level 2 of the Dungeon.
             The game lasted 00:08:57 (1610 turns).

themarg the Gusty (Demonspawn Air Elementalist)     Turns: 1610, Time: 00:08:57

Health: 0/27       AC:  5    Str:  6 (8)  XL:     4   Next: 70%
Magic:  5/7        EV: 12    Int: 16 (19) God:
Gold:   53         SH:  0    Dex: 12 (13) Spells: 4/7 levels left

rFire   + . .      SeeInvis .    g - +0 hand axe
rCold   + . .      Faith    .    (no shield)
rNeg    . . .      Spirit   .    o - +2 robe {rC+ rF+}
rPois   .          Reflect  .    j - +0 helmet
rElec   .          Rampage  .    (no cloak)
rCorr   .                        (no gloves)
Will    .....                    (no boots)
Stlth   ++                       (no amulet)
HPRegen 0.24/turn                (no ring)
MPRegen 0.20/turn                (no ring)

@: no status effects
A: magic regeneration, talons 1, frail 1
a: no special abilities


You were on level 2 of the Dungeon.
You visited 1 branch of the dungeon, and saw 2 of its levels.

You collected 53 gold pieces.

Inventory:

Hand Weapons
 g - a +0 hand axe (weapon)
 i - a +0 dagger
Missiles
 l - 10 stones
 n - 5 poisoned darts
Armour
 j - a +0 helmet (worn)
 o - a +2 robe of resistance (worn)
Magical Staves
 c - a staff of fire
Scrolls
 a - 3 scrolls of teleportation {unknown}
 d - 2 scrolls of identify {unknown}
 e - a scroll of enchant weapon {unknown}
 k - a scroll of vulnerability {unknown}
 p - a scroll of fog {unknown}


   Skills:
 - Level 1.7 Dodging
 - Level 3.0 Stealth
 - Level 2.0 Spellcasting
 - Level 1.0 Conjurations
 + Level 4.4 Air Magic


You had 4 spell levels left.
You knew the following spells:

 Your Spells              Type           Power      Damage    Failure   Level
a - Shock                 Conj/Air       40%        1d5       7%          1
b - Static Discharge      Conj/Air       20%        2-3/arc   10%         2

Your spell library contained the following spells:

 Spells                   Type           Power      Damage    Failure   Level
 Swiftness                Air            15%        N/A       10%         3
 Momentum Strike          Conj/Tloc      6%         3d8       26%         2
 Blink                    Tloc           2%         N/A       30%         2
 Lesser Beckoning         Tloc           2%         N/A       30%         2
 Airstrike                Air            7%         2d(2-18)  32%         4


Dungeon Overview and Level Annotations

Branches:
Dungeon (2/15)

Altars:

Shops:
D:2 :

Annotations:
D:2 Sigmund


Innate Abilities, Weirdness & Mutations

You regenerate magic rapidly.
You have sharp toenails.
You are frail. (-10% HP)


Message History

Something is struck by an arc of lightning.
You are struck by an arc of lightning.
The lightning grounds out.
Something hits you!
Something is struck by an arc of lightning.
You are struck by an arc of lightning.
The lightning grounds out.
Aiming: Shock (safe; 5% risk of failure)
Press: ? - help, Shift-Dir - straight line The zap hits something.
You hear some strange, mumbled words.
You are confused.
It was a potion of degeneration.
There was something very wrong with that liquid.
You feel weakened.
You feel dopey.
You feel clumsy.
You hear some strange, mumbled words.
You are more confused.
It was a potion of curing.
You feel better. Something hits you.
Aiming: Shock (safe; 7% risk of failure)
Press: ? - help, Shift-Dir - straight line You hear some strange, mumbled words.
A magic dart appears from out of thin air!
The magic dart hits you!
You hit something. Something hits you.
* * * LOW HITPOINT WARNING * * *
You closely miss something. Something hits you.
* * * LOW HITPOINT WARNING * * *
You miss something. You punch something. Something barely misses you.
Aiming: Shock (safe; 7% risk of failure)
Press: ? - help, Shift-Dir - straight line The zap hits something.
You closely miss something. Something hits you.
* * * LOW HITPOINT WARNING * * *
It was a potion of mutation.
You feel extremely strange.
You feel frail.
Your toenails lengthen and sharpen.
Something completely misses you. Magic courses through your body.
Sigmund appears from thin air!
Reactivating autopickup.
Sigmund is struck by an arc of lightning.
Sigmund is almost dead.
You are struck by an arc of lightning.
You die...

..# ....#. ... ..#
....#.### ...# ###
........# ...## .......#
....# ......###...#
########.........# .
#.....##.........##...
#.....##..............
###..........###@@.....#
.....†.......####......#
...###..........#.......
..)# #..........#.###...
...########.....#.# ..
......... †......># .
...###... ###......
....... . ......
##...... ...


You could see Sigmund.

Vanquished Creatures
  Jessica (D:2)
  Natasha (D:2)
  2 adders (D:2)
  2 dart slugs (D:1)
  3 ball pythons
  5 endoplasms (D:1)
  4 giant cockroaches (D:1)
  8 hobgoblins
  2 kobolds (D:1)
  2 quokkas (D:1)
  2 bats (D:1)
  2 frilled lizards (D:1)
  3 goblins
  4 rats
41 creatures vanquished.

Notes
Turn   | Place    | Note
-------+----------+-------------------------------------------
     0 | D:1      | themarg the Demonspawn Air Elementalist began the quest for
                  | the Orb.
     0 | D:1      | Reached XP level 1. HP: 13/13 MP: 3/3
   333 | D:1      | Reached skill level 3 in Air Magic
   354 | D:1      | Gained mutation: You regenerate magic rapidly. [demonic
                  | ancestry]
   354 | D:1      | Reached XP level 2. HP: 19/19 MP: 3/5
   445 | D:1      | Learned a level 2 spell: Static Discharge
   841 | D:1      | Reached XP level 3. HP: 24/24 MP: 4/6
  1193 | D:2      | Noticed Jessica
  1203 | D:2      | Killed Jessica
  1283 | D:2      | Reached skill level 4 in Air Magic
  1283 | D:2      | Reached XP level 4. HP: 23/30 MP: 1/7
  1388 | D:2      | Found Ahiujosu's Book Shop.
  1519 | D:2      | Noticed Natasha
  1525 | D:2      | Killed Natasha
  1591 | D:2      | Noticed Sigmund
  1607 | D:2      | HP: 1/30 [something (6)]
  1608 | D:2      | Gained mutation: You are frail. (-10% HP) [potion of
                  | mutation]
  1608 | D:2      | Gained mutation: You have sharp toenails. [potion of
                  | mutation]
  1610 | D:2      | Killed from afar by themself

Illustrated notes

Levels and vault maps discovered:
D:1:      nicolae_arrival_washed_ashore, layout_basic, hangedman_feature_mirror,
          st_stairs_9
D:2:      layout_basic, serial_shops, nicolae_shop_trees,
          corexii_item_surrounded_by_moat, uniq_sigmund, uniq_jessica,
          uniq_natasha

Skill      XL: |  1  2  3 |
---------------+----------+-----
Stealth        | 2 3 |  3.0
Air Magic      | 3 4 |  4.4
Dodging        | |  1.7
Spellcasting   | |  2.0
Conjurations   | |  1.0

Action                     |  1- 3 |  4- 6 || total
---------------------------+-------+-------++-------
  Melee: Unarmed           |    26 |       ||    26
         Hand axe          |    13 |     5 ||    18
         Punch             |       |     1 ||     1
   Cast: Shock             |    72 |    17 ||    89
         Static Discharge  |     2 |     8 ||    10
    Use: Potion            |       |     4 ||     4
 Armour: Robe              |    13 |     3 ||    16
  Dodge: Dodged            |    40 |     4 ||    44

Table legend: (Time is in decaauts)
 A = Elapsed time spent in this place.
 B = Non-inter-level travel time spent in this place.
 C = Inter-level travel time spent in this place.
 D = Time resting spent in this place.
 E = Time spent auto-exploring this place.
 F = Levels seen in this place.
 G = Mean time per level.
                   A        B        C        D        E       F      G
               +--------+--------+--------+--------+--------+-----+--------+
         Total |   1623 |   1553 |     70 |     52 |   1139 |   2 |  811.5 |
       Dungeon |   1623 |   1553 |     70 |     52 |   1139 |   2 |  811.5 |
               +--------+--------+--------+--------+--------+-----+--------+

Top non-repeatable levels by time:
     D:1: 1213 daAuts
     D:2: 410 daAuts
